 Dungeon Crawl Stone Soup version 0.19.5 (webtiles) character file.

1526 miragecloak the Martial Artist (level 8, -2/67 HPs)
             Began as a Naga Transmuter on May 11, 2017.
             Was a Follower of Cheibriados.
             Slain by a hornet (5 damage)
             ... while paralysed by a hornet
             ... on level 7 of the Dungeon.
             The game lasted 00:10:00 (7528 turns).

miragecloak the Martial Artist (Naga Transmuter)    Turns: 7528, Time: 00:10:01

Health: -2/67      AC:  6    Str: 18    XL:     8   Next: 85%
Magic:  8/11       EV:  1    Int: 17    God:    Cheibriados [*.....]
Gold:   141        SH:  0    Dex: 16    Spells: 3 memorised, 2 levels left

rFire  . . .     SeeInvis +       - Unarmed
rCold  . . .     Gourm    .     b - +0 robe
rNeg   . . .     Faith    .     (no shield)
rPois  +         Spirit   .     u - +1 helmet
rElec  .         Reflect  .     l - +0 cloak (curse)
rCorr  .         Harm     .     (no gloves)
MR     +....                    (no barding)
Stlth  +.........               (no amulet)
                                (no ring)
                                t - +2 ring of strength

@: paralysed, very slightly contaminated, very slow
A: see invisible, deformed body, poison resistance, slowness 2, slow metabolism
1, spit poison 1, AC +2
a: Spit Poison, Bend Time, Renounce Religion


You were on level 7 of the Dungeon.
You worshipped Cheibriados.
Cheibriados was aware of your devotion.
You were not hungry.

You visited 2 branches of the dungeon, and saw 8 of its levels.

You collected 284 gold pieces.
You spent 143 gold pieces at shops.

Inventory:

Missiles
 a - 154 arrows
Armour
 b - a +0 robe (worn)
 l - a cursed +0 cloak (worn)
 u - a +1 helmet (worn)
 A - the +0 ring mail "Coimoj" {rElec Int+3 Dex-2 Stlth+}
   (You found it on level 5 of the Dungeon)

   It affects your intelligence (+3).
   It affects your dexterity (-2).
   It insulates you from electricity.
   It makes you more stealthy.
Jewellery
 t - a +2 ring of strength (left hand)
Wands
 y - a wand of iceblast (5/15)
 C - a wand of slowing (27/48)
 H - a wand of iceblast (8/15)
Scrolls
 f - 8 scrolls of identify
 g - 4 scrolls of teleportation
 j - 4 scrolls of enchant weapon
 k - 3 scrolls of fear
 o - 2 scrolls of immolation {unknown}
 p - 2 scrolls of magic mapping {unknown}
 q - 4 scrolls of random uselessness {unknown}
 r - a scroll of enchant armour {unknown}
 w - 3 scrolls of remove curse
 x - a scroll of amnesia {unknown}
 E - a scroll of blinking {unknown}
 G - a scroll of recharging {unknown}
Potions
 e - 4 potions of flight
 h - a potion of beneficial mutation {unknown}
 i - 4 potions of might
 m - a potion of degeneration {unknown}
 z - 3 potions of curing {unknown}
 B - a potion of resistance {unknown}
 D - a potion of agility {unknown}
 F - 2 potions of heal wounds
Books
 c - a book of Changes

   Spells                             Type                      Level
   a - Beastly Appendage              Transmutation                1
   b - Sticks to Snakes               Transmutation                2
   c - Spider Form                    Transmutation/Poison         3
   d - Ice Form                       Ice/Transmutation            4
   e - Blade Hands                    Transmutation                5
Comestibles
 d - 2 bread rations
 n - a beef jerky
 s - 5 meat rations
 v - a slice of pizza


   Skills:
 + Level 2.2 Fighting
 - Level 1.5 Dodging
 + Level 9.6 Unarmed Combat
 - Level 2.0 Spellcasting
 - Level 5.0 Transmutations
 - Level 3.0 Poison Magic


You had 2 spell levels left.
You knew the following spells:

 Your Spells              Type           Power        Failure   Level  Hunger
a - Beastly Appendage     Tmut           ###...       2%          1    #......
b - Spider Form           Tmut/Pois      ###.......   12%         3    ###....
c - Blade Hands           Tmut           ###.......   71%         5    ######.


Dungeon Overview and Level Annotations

Branches:
Dungeon (7/15)             Temple (1/1) D:5

Altars:
Ashenzari
Cheibriados
Dithmenos
Elyvilon
Fedhas
Gozag
Hepliaklqana
Kikubaaqudgha
Makhleb
Nemelex Xobeh
Qazlal
Sif Muna
Trog
Uskayaw
Vehumet
Xom
Yredelemnul
Zin
The Shining One

Shops:
D:6 !

Annotations:
D:3 1 runed door
D:6 exclusion: statue
D:7 Menkaure


Innate Abilities, Weirdness & Mutations

You cannot wear boots.
Your serpentine skin is tough. (AC +2)
You have supernaturally acute eyesight. (SInv)
Armour fits poorly on your strangely shaped body.
Your system is resistant to poisons. (rPois)
You cover ground very slowly.
You have a slow metabolism.
You can spit poison.


Message History

Menkaure shouts!
You hear an angry buzzing noise.
Menkaure calls on the powers of darkness!
Your body is wracked with pain!
Casting: Spider Form
Confirm with . or Enter, or press ? or * to list all spells.
You miscast Spider Form.
You are very lightly contaminated with residual magic.
Wisps of poison gas drift from your hands.
A hornet comes into view.
You hit the hornet. Your punch misses the hornet.
The hornet is heavily wounded.
The hornet stings you!
You suddenly lose the ability to move!
The hornet stings you. The hornet stings you!
* * * LOW HITPOINT WARNING * * *
The hornet stings you.
* * * LOW HITPOINT WARNING * * *
The hornet stings you.
* * * LOW HITPOINT WARNING * * *
The hornet stings you.
You die...

.#.. .....##
#..###>..####. ##..
.##[...#
##............ ..
#.....####....#....###
.#
.......#.....##..### #
##
..###...###.....#####
..# #.### ##..#...##.
##.# #.####.... #.##
#.# ###.# #@# . ##.#
#yM# # #.## ....# #.#
..#.... ##.# #. #....
#####..## # #.....
......... .. #.....
#.... ..# ....... #..
##.## ... ..# #..#


You could see a hornet and Menkaure.

Vanquished Creatures
  A sky beast (D:4)
  2 phantoms
  An ice beast (D:5)
  An ogre (D:4)
  A centaur (D:5)
  A bullfrog (D:7)
  3 crimson imps
  5 hounds
  An orc priest (D:5)
  A centaur skeleton (D:7)
  Ijyb (D:2)
  Natasha (thrice) (D:3)
  5 worker ants
  Terence (D:2)
  A killer bee zombie (D:6)
  A hound zombie (D:5)
  A hound skeleton (D:7)
  Robin (D:3)
  4 gnolls (D:6)
  10 adders
  2 shadow imps
  3 oozes
  2 adder zombies (D:5)
  3 worms (D:2)
  2 dart slugs
  7 leopard geckos
  6 orcs
  2 ball pythons
  7 giant cockroaches
  23 goblins
  15 hobgoblins
  11 jackals
  9 kobolds
  3 quokkas
  8 bats
  7 frilled lizards
  2 jackal skeletons
  A leopard gecko skeleton (D:4)
  A quokka skeleton (D:5)
  7 rats
166 creatures vanquished.

Notes
Turn   | Place    | Note
-------+----------+-------------------------------------------
     0 | D:1      | miragecloak the Naga Transmuter began the quest for the Orb.
     0 | D:1      | Reached XP level 1. HP: 18/18 MP: 3/3
   250 | D:1      | Reached XP level 2. HP: 22/25 MP: 3/5
   527 | D:1      | Reached XP level 3. HP: 25/31 MP: 6/6
   565 | D:1      | Learned a level 3 spell: Spider Form
   984 | D:2      | Reached skill level 1 in Poison Magic
   997 | D:2      | Noticed Ijyb
  1018 | D:2      | Killed Ijyb
  1018 | D:2      | Reached XP level 4. HP: 24/38 MP: 3/7
  1994 | D:2      | Found a stormy altar of Qazlal.
  1994 | D:2      | Noticed Robin
  2011 | D:3      | Reached XP level 5. HP: 31/44 MP: 5/8
  2305 | D:3      | Noticed Natasha
  2310 | D:3      | Killed Natasha
  2310 | D:3      | Reached skill level 4 in Unarmed Combat
  2395 | D:3      | Found a white marble altar of Elyvilon.
  2671 | D:3      | Found a runed door.
  2754 | D:3      | Noticed Natasha
  2760 | D:3      | Killed Natasha
  2818 | D:3      | Noticed Natasha
  2824 | D:3      | Killed Natasha
  2824 | D:3      | Reached XP level 6. HP: 51/51 MP: 5/9
  2876 | D:4      | Reached skill level 5 in Unarmed Combat
  3265 | D:4      | Noticed a phantom
  3285 | D:5      | Entered Level 5 of the Dungeon
  3376 | D:5      | Got a fine ring mail
  3393 | D:5      | Identified the cursed +0 ring mail "Coimoj" {rElec Int+3 Dex-2 Stlth+} (You found it on level 5 of the Dungeon)
  3428 | D:5      | Found a bloodstained altar of Trog.
  3738 | D:5      | Found a staircase to the Ecumenical Temple.
  3801 | D:5      | Noticed an ice beast
  3803 | D:5      | Noticed a phantom
  3868 | D:4      | Noticed a sky beast
  3885 | D:4      | Killed a sky beast
  3885 | D:4      | Reached skill level 6 in Unarmed Combat
  3885 | D:4      | Reached XP level 7. HP: 15/57 MP: 1/10
  4585 | D:4      | Reached skill level 5 in Transmutations
  4667 | D:3      | Killed Robin
  4721 | D:2      | Noticed a fire elemental
  4722 | D:2      | Noticed a water elemental
  4722 | D:2      | Noticed an air elemental
  4848 | Temple   | Entered the Ecumenical Temple
  4969 | Temple   | Became a worshipper of Cheibriados the Contemplative
  5014 | D:5      | Reached skill level 7 in Unarmed Combat
  5035 | D:5      | Reached XP level 8. HP: 14/64 MP: 4/11
  5563 | D:2      | Noticed Terence
  5584 | D:2      | Killed Terence
  6061 | D:4      | Reached skill level 8 in Unarmed Combat
  6286 | D:5      | Reached * piety under Cheibriados
  6556 | D:5      | Reached skill level 9 in Unarmed Combat
  6620 | D:6      | Found Noess's Distillery.
  6628 | D:6      | Bought a potion of flight for 39 gold pieces
  6628 | D:6      | Bought a potion of lignification for 39 gold pieces
  6628 | D:6      | Bought a potion of heal wounds for 65 gold pieces
  6739 | D:6      | Found a sparkling altar of Nemelex Xobeh.
  6947 | D:6      | Found a radiant altar of Vehumet.
  7240 | D:7      | Learned a level 5 spell: Blade Hands
  7523 | D:7      | Noticed Menkaure
  7525 | D:7      | Noticed a hornet
  7525 | D:7      | Paralysed by a hornet for 3 turns
  7528 | D:7      | HP: 3/67 [hornet (4)]
  7528 | D:7      | Slain by a hornet

Skill      XL: |  1  2  3  4  5  6  7  8 |
---------------+-------------------------+-----
Transmutations | 3 4 5 |  5.0
Poison Magic   | 2 3 |  3.0
Unarmed Combat | 4 6 7 9 |  9.6
Fighting       | 2 |  2.2
Dodging        | |  1.5
Spellcasting   | |  2.0

Action                   |  1- 3 |  4- 6 |  7- 9 || total
-------------------------+-------+-------+-------++-------
Melee: Unarmed           |   105 |   211 |   215 ||   531
       Headbutt          |    16 |     4 |       ||    20
       Punch             |       |     2 |     4 ||     6
 Cast: Beastly Appendage |    19 |     7 |       ||    26
       Spider Form       |       |    35 |    42 ||    77
 Abil: Spit Poison       |       |     3 |     1 ||     4
  Use: Scroll            |       |       |     6 ||     6
 Stab: Sleeping          |     1 |     3 |       ||     4
  Eat: Chunk             |       |    13 |    14 ||    27
       Fruit             |       |       |     1 ||     1
       Pizza             |       |       |     1 ||     1
Armor: Robe              |    22 |     9 |    20 ||    51
       Skin              |       |     4 |    11 ||    15
       Ring mail         |       |     9 |     2 ||    11
Dodge: Dodged            |    48 |   159 |   157 ||   364
